 Dungeon Crawl Stone Soup version 0.16-a0-791-gf1c67de (webtiles) character file.

41 RobertPalmer the Cudgeler (level 3, 0/33 HPs)
             Began as an Ogre Transmuter on Sept 28, 2014.
             Slain by Jessica
             ... wielding a +2 dagger of protection
              (2 damage)
             ... on Level 2 of the Dungeon.
             The game lasted 00:02:38 (1606 turns).

RobertPalmer the Cudgeler (Ogre Transmuter)         Turns: 1606, Time: 00:02:39

HP   0/33        AC  3     Str 15      XL: 3   Next: 52%
MP   6/6         EV 10     Int 18      God:
Gold 82          SH  0     Dex 10      Spells:  1 memorised,  5 levels left

rFire  . . .     SeeInvis .     a - +0 club
rCold  . . .     Clarity  .     c - +0 robe
rNeg   . . .     rCorr    +     (shield restricted)
rPois  .         rRot     .     (helmet restricted)
rElec  .         Spirit   .     (no cloak)
SustAb .         Warding  .     (gloves unavailable)
rMut   .         Stasis   .     (boots unavailable)
Gourm  .                        o - amulet of resist corrosion
MR     .....                    (no ring)
                                (no ring)

@: brilliant, slowed, very slow, not resistant to hostile enchantments, very
unstealthy
A: unfitting armour, tough skin 1
a: no special abilities


You were on level 2 of the Dungeon.
You were hungry.

You visited 1 branch of the dungeon, and saw 2 of its levels.

You collected 82 gold pieces.


Innate Abilities, Weirdness & Mutations

You are too large for most types of armour.
You have tough skin (AC +1).


   Skills:
 - Level 1.3 Fighting
 + Level 3.3 Maces & Flails
 - Level 1.7 Dodging
 - Level 2.6 Unarmed Combat
 - Level 2.4 Spellcasting
 - Level 1.9 Transmutations


You had 5 spell levels left.
You knew the following spells:

 Your Spells              Type           Power        Failure   Level  Hunger
z - Beastly Appendage     Trmt           ###...       1%          1    #......

Inventory:

Hand weapons
 a - a +0 club (weapon)
Missiles
 b - 12 arrows
 f - 13 arrows of frost
Armour
 c - a +0 robe (worn)
Comestibles
 g - a meat ration
 n - a bread ration
Scrolls
 e - 4 scrolls of identify
 h - 2 scrolls of fog {unknown}
 i - a scroll of magic mapping {unknown}
 l - a scroll of recharging {unknown}
 m - a scroll of remove curse {unknown}
Jewellery
 o - an amulet of resist corrosion (around neck)
Potions
 j - a potion of flight
Books
 d - a book of Changes

Dungeon Overview and Level Annotations

Branches:
Dungeon (2/15)

Altars:
Gozag

Annotations:
D:2 Jessica

##+##... .#
#........##.###
#......+#.......
#......+#......
............. #
#.%...#
#.####+#.....#######
#........###.......###
##...@@..# #..........
#.......# #..........
#.......# ####.......
#.......# #.......
########### #.......
#.........####.......
#....................
#....................
#########............


You could see Jessica.


Message History

Jessica gestures at you while chanting.
You barely resist. Jessica hits you but does no damage.
Jessica completely misses you.
You barely miss Jessica.
Jessica is severely wounded.
Jessica hits you but does no damage. Jessica barely misses you.
You barely miss Jessica. You punch Jessica.
Jessica is almost dead.
Jessica hits you but does no damage. Jessica closely misses you.
Jessica casts a spell.
Jessica blinks!
Unknown command.
Drink which item? (? for menu, Esc to quit)
You feel clever all of a sudden.
It was a potion of brilliance.
Read which item? (? for menu, Esc to quit)
Okay, then.
Read which item? (? for menu, Esc to quit)
As you read the scroll labeled JOORPH UGED, it crumbles to dust.
It is a scroll of identify.
Identify which item? (\ to view known items) (? for menu, Esc to quit)
j - a potion of flight Jessica hits you with a runed dagger.
* * * LOW HITPOINT WARNING * * *
You barely miss Jessica.
Jessica is severely wounded.
Jessica hits you with a runed dagger.
* * * LOW HITPOINT WARNING * * *
Jessica hits you with a runed dagger.
You die...

Action                   || total
-------------------------++-------
Melee: Unarmed           ||    26
       Club              ||   123
 Cast: Beastly Appendage ||     6
  Use: Potion            ||     2
       Scroll            ||     1
  Eat: Chunk             ||     2

Vault maps used:
D:1:      lemuel_arrival_behind_the_door_large, minmay_misc_feat_encased,
          minmay_tree_intersection
D:2:      nicolae_overflow_hidden_temple, first_bread,
          kennysheep_cross_bottleneck, grunt_gozag_statues, uniq_jessica

Notes
Turn   | Place    | Note
--------------------------------------------------------------
     0 | D:1      | RobertPalmer, the Ogre Transmuter, began the quest for the Orb.
     0 | D:1      | Reached XP level 1. HP: 19/19 MP: 3/3
   293 | D:1      | Reached XP level 2. HP: 25/27 MP: 5/5
   298 | D:1      | Reached skill level 1 in Maces & Flails
   541 | D:1      | Reached skill level 2 in Maces & Flails
   844 | D:1      | Reached XP level 3. HP: 19/33 MP: 6/6
  1270 | D:2      | Reached skill level 3 in Maces & Flails
  1310 | D:2      | Found an opulent altar of Gozag.
  1587 | D:2      | Noticed Jessica
  1606 | D:2      | HP: 2/33 [Jessica/runed dagger (6)]
  1606 | D:2      | Slain by Jessica

Vanquished Creatures
  A giant mite (D:2)
  2 giant geckos
  2 giant cockroaches (D:1)
  5 goblins
  3 hobgoblins (D:1)
  5 bats
  2 giant newts (D:1)
  5 jackals (D:2)
  3 kobolds (D:1)
  A quokka (D:2)
  3 rats (D:1)
32 creatures vanquished.
